 Dungeon Crawl Stone Soup version 0.29.1-2-gbd0b4ee654 (webtiles) character file.

Game seed: 16297523203597212194

64 Groucho the Scratcher (level 3, 0/15 HPs)
             Began as a Felid Transmuter on Nov 20, 2022.
             Succumbed to an adder's poison
             ... on level 2 of the Dungeon.
             The game lasted 00:02:34 (3425 turns).

Groucho the Scratcher (Felid Transmuter)            Turns: 3425, Time: 00:02:34

Health: 0/15       AC:  1    Str:  8    XL:     3   Next: 91%
Magic:  7/7        EV: 17    Int: 14    God:
Gold:   126        SH:  0    Dex: 16    Spells: 5/6 levels left
                                        Lives:  0   Deaths: 0

rFire   . . .      SeeInvis +     - Unarmed
rCold   . . .      Faith    .   (shield unavailable)
rNeg    . . .      Spirit   .   (body armour unavailable)
rPois   .          Reflect  .   (helmet unavailable)
rElec   .          Harm     .   (cloak unavailable)
rCorr   .          Rampage  .   (gloves unavailable)
Will    .....                   (boots unavailable)
Stlth   ++........              (no amulet)
HPRegen 0.05/turn               (no ring)
MPRegen 0.10/turn               (no ring)

@: lethally poisoned (0 -> -1), invisible, quick
A: very small, claws 1, fangs 3, see invisible, speed 1, shaggy fur 1, stealthy
paws, no weapons or thrown items, no armour, multi-lived
a: no special abilities


You were on level 2 of the Dungeon.
You visited 1 branch of the dungeon, and saw 2 of its levels.

You collected 126 gold pieces.

Inventory:

Scrolls
 b - a scroll of butterflies {unknown}
 d - 2 scrolls of identify {unknown}
 e - a scroll of vulnerability {unknown}
 f - a scroll of poison {unknown}
Potions
 a - a potion of lignification


   Skills:
 + Level 1.4 Fighting
 + Level 3.0 Dodging
 * Level 2.3 Stealth
 * Level 3.4 Unarmed Combat
 * Level 2.4 Spellcasting
 * Level 2.8 Transmutations


You had 5 spell levels left.
You knew the following spells:

 Your Spells              Type           Power      Damage    Failure   Level
a - Beastly Appendage     Tmut           18%        N/A       7%          1

Your spell library contained the following spells:

 Spells                   Type           Power      Damage    Failure   Level
 Wereblood                Tmut           9%         N/A       11%         2
 Spider Form              Tmut/Pois      5%         N/A       36%         3
 Gell's Gravitas          Tloc           1%         N/A       56%         3
 Lesser Beckoning         Tloc           1%         N/A       56%         3
 Teleport Other           Tloc           1%         N/A       56%         3
 Ice Form                 Ice/Tmut       5%         N/A       77%         4


Dungeon Overview and Level Annotations

Branches:
Dungeon (2/15)

Altars:


Innate Abilities, Weirdness & Mutations

You have sharp claws.
You have razor-sharp teeth.
You have supernaturally acute eyesight. (SInv)
You cover ground quickly. (Speed+)
You are covered in fur. (AC +1)
Your paws help you pounce on unaware monsters.
You are incapable of wielding weapons or throwing items.
You cannot wear armour.
You gain extra lives every three experience levels.


Message History

Found a scroll labelled KABICI LOTWOADGH.
The adder hisses angrily.
You hear a shout!
Found a scroll labelled YMAPTO SOKI.
You miss the frilled lizard. You bite the frilled lizard.
You kill the frilled lizard!
The goblin barely misses you.
A kobold comes into view. It is wielding a +0 whip.
You scratch the goblin.
You kill the goblin!
The kobold throws a stone.
The stone hits you.
You scratch the adder.
The adder is lightly wounded.
The adder bites you.
You are poisoned.
The adder poisons you!
You scratch the adder. Your claw misses the adder.
The adder is heavily wounded.
You feel sick. The adder barely misses you.
You scratch the adder but do no damage.
The adder is heavily wounded.
You feel sick. The adder bites you but does no damage.
You scratch the adder.
The adder is severely wounded.
You feel sick. The adder bites you. The kobold hits you with a +0 whip.
* * * LOW HITPOINT WARNING * * *
You are too injured to fight recklessly!
You scratch the adder but do no damage. You bite the adder.
You kill the adder!
* * * LOW HITPOINT WARNING * * *
You feel sick. The kobold closely misses you.
It was a potion of invisibility.
You fade into invisibility!
* * * LOW HITPOINT WARNING * * *
You feel sick. The kobold closely misses you.
Unknown command.
Unknown command.
You catch the helpless kobold completely off-guard!
You claw the kobold!
You kill the kobold!
You die...

.. ?...#.# #.# #.##
#.##...##.# #.# #.#.#
#.#.#.#.#.# #÷#
⌠...⌠...⌠...⌠..# #.###
#.#.#.#.#.#.#.# #....
⌠...⌠...⌠....# ###..
#.#?#.#.#.#.#.### ###
.⌠...⌠...⌠...⌠.# #####
.#.#.#@#.#.#.## #....
...⌠..)⌠...⌠...#####.#.#
#.#.#.#.#.#.#.#......#.#
..⌠...⌠.[.⌠.#####.#..
#.#.#.#.#$#.#..# #.#..
..⌠...⌠...⌠...#.# #.#..
#.#S#.#.#.#.#.##.# #....
.⌠...⌠...⌠...⌠. # #....
.#.#.#.#.#.# #...


There were no monsters in sight!

Vanquished Creatures
  4 adders (D:2)
  3 dart slugs (D:1)
  A ball python (D:2)
  5 endoplasms
  A goblin (D:2)
  2 quokkas
  A bat (D:2)
  4 frilled lizards
  3 kobolds
  3 rats (D:2)
27 creatures vanquished.

Notes
Turn   | Place    | Note
-------+----------+-------------------------------------------
     0 | D:1      | Groucho the Felid Transmuter began the quest for the Orb.
     0 | D:1      | Reached XP level 1. HP: 9/9 MP: 4/4
   941 | D:1      | Reached skill level 1 in Stealth
   941 | D:1      | Reached XP level 2. HP: 7/12 MP: 6/6
  2172 | D:1      | Found a faded altar of an unknown god.
  3009 | D:2      | Reached XP level 3. HP: 15/15 MP: 7/7
  3425 | D:2      | Succumbed to an adder's poison

Illustrated notes

Levels and vault maps discovered:
D:1:      wheals_arrival_linesprint, layout_loops_cross,
          hellmonk_ecumenical_altar_defaced_shrine
D:2:      layout_loops_cross, kennysheep_crisscross

Skill      XL: |  1  2  3 |
---------------+----------+-----
Stealth        | 1 2 |  2.3
Dodging        | 3 |  3.0
Fighting       | |  1.4
Unarmed Combat | |  3.4
Spellcasting   | |  2.4
Transmutations | |  2.8

Action                   || total
-------------------------++-------
Melee: Unarmed           ||    65
       Bite              ||     7
       Punch             ||     1
 Cast: Beastly Appendage ||     1
  Use: Potion            ||     2
 Stab: Sleeping          ||     5
       Invisible         ||     1
Armor: Skin              ||     5
Dodge: Dodged            ||    34
